Map: Abyssal Reef LE

Players

Winthrowe

  • Race: Terran Terran
  • Spawn Location: 5:00

mirvinos - Winner!

  • Race: Zerg Zerg
  • League: Diamond
  • Spawn Location: 11:00

VOD

Have the link to the VOD?

Description

Time

  • Played on: Aug. 17, 2017, 6:37 p.m.
  • Length: 15:34
Show
View Real Time Build Order
Export as new Build Order

Winthrowe Terran 

Build Orders: MMM Bio 

Get SALT Encoding   

  12  0:01  SCV  
  14  0:14  SCV  
  14  0:26  SCV, Supply Depot  
  15  0:41  Refinery  
  15  0:48  SCV  
  16  0:52  Barracks  
  16  1:00  SCV  
  17  1:12  SCV  
  18  1:24  SCV  
  19  1:44  Supply Depot  
  19  2:28  Barracks Reactor  
  19  2:36  Bunker, SCV  
  20  2:48  SCV  
  21  2:51  Command Center  
  21  3:04  SCV  
  22  3:07  Marine x2  
  24  3:18  Barracks  
  24  3:24  Marine  
  24  3:25  Marine  
  25  3:35  Orbital Command  
  25  3:42  Marine x2  
  27  4:00  Marine x2  
  29  4:06  Engineering Bay  
  29  4:18  Marine x2  
  29  4:22  Barracks Tech Lab  
  31  4:34  Refinery  
  31  4:36  Marine x2  
  31  4:37  Terran Infantry Weapons Level 1  
  33  4:42  Concussive Shells  
  33  4:46  Marauder  
  35  4:53  Marine  
  35  4:54  Marine  
  37  5:08  Marauder  
  37  5:11  Marine  
  37  5:12  Marine  
  41  5:17  Refinery  
  41  5:24  Refinery  
  41  5:26  Stimpack  
  41  5:29  Marauder  
  41  5:30  Planetary Fortress  
  43  5:37  Marine  
  43  5:38  Marine  
  45  5:55  Marine  
  46  6:00  Supply Depot  
  46  6:21  Marine, Marauder  
  46  6:22  Supply Depot  
  48  6:31  Terran Infantry Armor Level 1  
  33  6:40  Marine x2  
  33  6:43  Marauder  
  33  6:45  Supply Depot  
  34  6:58  Marine x2  
  34  7:04  Marauder  
  34  7:08  Supply Depot  
  33  7:15  Marine  
  33  7:16  Marine  
  35  7:26  Combat Shields, Marauder  
  37  7:33  Marine  
  37  7:34  Marine  
  39  7:39  Factory  
  39  7:47  Marauder  
  41  7:51  Marine  
  41  7:52  Marine  
  43  8:08  Marauder  
  43  8:09  Marine x2  
  38  8:24  Command Center  
  37  8:27  Marine x2  
  37  8:28  SCV  
  37  8:29  SCV  
  37  8:30  Marauder  
  43  8:40  SCV  
  43  8:41  SCV  
  45  8:44  Marine  
  45  8:45  Marine  
  46  8:51  Marauder  
  46  8:52  SCV  
  46  8:53  SCV  
  35  9:04  Marine, SCV  
  35  9:05  Marine, SCV  
  39  9:12  Marauder  
  39  9:17  SCV x2  
  42  9:18  Armory  
  42  9:22  Marine  
  42  9:23  Marine  
  45  9:29  SCV x2  
  47  9:34  Marauder  
  47  9:36  Factory Reactor  
  49  9:40  Marine x2  
  49  9:41  SCV  
  52  9:55  SCV x2, Marauder  
  52  9:58  Marine x2  
  58  10:07  SCV x2  
  60  10:16  Marine x2  
  60  10:17  Marauder  
  60  10:19  Command Center  
  64  10:21  Cyclone  
  64  10:25  Cyclone  
  70  10:33  Marine  
  70  10:34  Marine  
  72  10:38  Marauder  
  72  10:39  Terran Infantry Weapons Level 2  
  74  10:59  Marauder  
  76  11:05  Marine  
  76  11:06  Marine  
  78  11:21  Marauder  
  78  11:23  Marine  
  72  11:29  Marine  
  49  11:37  Hellbat x2  
  53  11:41  Marine  
  53  11:43  Marauder  
  46  11:47  Marine  
  47  11:59  Marine, Hellbat  
  50  12:04  Marauder  
  50  12:05  Marine  
  53  12:17  Marine  
  54  12:23  Marine  
  54  12:25  Marauder  
  57  12:34  Marine  
  58  12:40  Marine  
  59  12:47  Marauder  
  61  12:52  Marine  
  61  12:55  Terran Infantry Armor Level 2  
  62  13:08  Marauder  
  64  13:21  Planetary Fortress  
  64  13:25  Marine  
  64  13:26  Marine  
  66  13:29  Cyclone, Marauder  
  66  13:30  Cyclone  
  74  13:38  Refinery  
  74  13:39  Refinery  
  74  13:43  Marine  
  74  13:44  Marine  
  76  13:51  Marauder  
  77  14:01  Marine  
  77  14:02  Marine  
  43  14:12  Marauder  
  36  14:19  Marine x2  
  38  14:32  Hellbat  
  38  14:33  Marine, Hellbat  
  38  14:37  Marine x2  
  44  14:51  Marauder  
  45  14:54  Marine, Hellbat x2  
  35  15:11  Marine  
  35  15:12  Marine  
  35  15:13  Marauder  
Show
View Real Time Build Order
Export as new Build Order

mirvinos Zerg - Winner!

Build Orders: Hatch First 

Get SALT Encoding   

  12  0:01  Drone  
  13  0:13  Overlord  
  13  0:17  Drone  
  14  0:31  Drone x2  
  16  0:51  Hatchery  
  16  0:55  Drone  
  16  0:57  Drone  
  16  1:00  Extractor  
  16  1:04  Drone  
  17  1:20  Spawning Pool  
  16  1:27  Drone  
  16  1:29  Drone  
  16  1:31  Drone  
  19  1:42  Drone  
  20  2:01  Drone x2  
  20  2:07  Metabolic Boost  
  22  2:09  Queen  
  22  2:13  Queen  
  26  2:21  Drone x2  
  28  2:41  Overlord  
  28  3:01  Hatchery  
  28  3:03  Drone  
  28  3:04  Drone x5  
  33  3:10  Queen  
  35  3:16  Zergling x2  
  35  3:17  Overlord  
  36  3:36  Drone  
  36  3:37  Drone  
  36  3:40  Extractor  
  37  3:41  Drone  
  37  3:42  Drone x2  
  37  3:43  Drone  
  41  4:02  Drone x3  
  44  4:04  Overlord  
  44  4:21  Extractor  
  44  4:22  Extractor, Drone x2  
  44  4:23  Drone x2  
  46  4:25  Drone x3  
  46  4:26  Drone  
  46  4:27  Drone  
  46  4:29  Lair  
  51  4:33  Evolution Chamber x2  
  48  4:52  Queen  
  50  4:53  Drone x3  
  50  4:57  Drone  
  50  4:58  Overlord x2  
  54  5:00  Hatchery  
  54  5:01  Drone  
  54  5:04  Drone  
  54  5:06  Zerg Melee Weapons Level 1, Zerg Ground Armor Level 1  
  55  5:09  Overlord x2  
  55  5:16  Drone x2  
  55  5:18  Drone x4  
  55  5:19  Drone x2  
  63  5:24  Baneling Nest  
  62  5:29  Spire  
  62  5:31  Drone  
  62  5:32  Drone x2  
  62  5:33  Drone x2  
  62  5:35  Drone x3  
  69  5:49  Zergling x10  
  74  5:57  Zergling x2  
  74  6:02  Hatchery  
  74  6:07  Zergling x10  
  74  6:08  Spine Crawler, Zergling x2  
  74  6:09  Centrifical Hooks, Spine Crawler  
  78  6:12  Baneling x4  
  78  6:21  Baneling  
  78  6:22  Baneling x7, Zergling x2  
  78  6:23  Zergling x18  
  78  7:01  Zerg Melee Weapons Level 2, Zerg Ground Armor Level 2  
  78  7:07  Infestation Pit  
  69  7:22  Pneumatized Carapace  
  69  7:27  Zerg Flyer Armor Level 1  
  69  7:29  Queen  
  71  7:31  Zergling x2  
  71  7:32  Zergling x8  
  76  7:37  Extractor, Zergling x2  
  76  7:38  Extractor, Zergling x6  
  76  7:39  Drone x2  
  76  7:40  Drone x3  
  76  7:41  Drone  
  76  7:42  Zergling x10  
  76  7:43  Queen  
  80  9:02  Drone  
  80  9:03  Drone x2  
  80  9:04  Drone  
  80  9:05  Drone x7  
  80  9:06  Drone x2  
  92  9:17  Hive  
  92  9:20  Pathogen Glands  
  92  9:23  Spire  
  91  9:26  Extractor x2  
  91  9:28  Queen  
  91  9:35  Zergling x16  
  91  9:36  Zergling x6  
  91  9:37  Overlord x5  
  102  9:39  Hatchery  
  102  9:43  Burrow  
  101  9:51  Overlord x2  
  101  9:55  Queen  
  103  10:33  Drone x3  
  103  10:34  Drone x3  
  103  10:35  Drone x3  
  112  10:37  Drone x3  
  112  10:41  Overlord x2  
  115  10:52  Zergling x4  
  115  10:53  Zergling x44  
  138  11:04  Adrenal Glands  
  138  11:06  Zerg Melee Weapons Level 3, Zerg Ground Armor Level 3  
  138  11:10  Ultralisk Cavern  
  138  11:11  Greater Spire, Zerg Flyer Armor Level 2  
  127  11:43  Hatchery  
  125  12:00  Chitinous Plating  
  125  12:02  Corruptor  
  125  12:03  Corruptor x25  
  125  12:07  Zergling x6  
  180  12:26  Extractor x2  
  180  12:29  Extractor  
  177  12:30  Zerg Flyer Weapons Level 1  
  177  12:32  Extractor  
  177  12:33  Baneling  
  177  12:34  Baneling x20  
  177  12:35  Overlord x5  
  176  12:37  Overseer  
  176  12:43  Baneling x5  
  176  12:44  Baneling x6  
  176  12:54  Brood Lord  
  178  13:08  Drone  
  178  13:09  Drone x5  
  184  13:26  Queen  
  186  13:29  Brood Lord x6  
  186  13:31  Zergling x2  
  186  13:32  Zergling x2  
  173  14:46  Ultralisk x4  
  173  14:48  Corruptor  
  173  14:49  Zergling x2  
  200  15:14  Overseer  
  200  15:17  Overseer  
  200  15:18  Overseer x2  
Tags
 
Composition
MMM Bio
League
Diamond
Matchup
TvZ
Spawn Locations
Cross Positions
Add a new tag
Caveats
  • Supply blocks, unpowered buildings, or Contaminate may cause inaccurate times.
  • Supply counts are checked every 10 seconds.